 Dungeon Crawl Stone Soup version 0.29-a0-789-g7a8fcbc185 (webtiles) character file.

Game seed: 9141563383373355508

132 purpskrrrp the Cutter (level 4, 0/33 (35) HPs)
             Began as a Demigod Wanderer on July 2, 2022.
             Slain by a necrophage (4 damage)
             ... on level 6 of the Dungeon.
             The game lasted 00:10:50 (2641 turns).

purpskrrrp the Cutter (Demigod Wanderer)            Turns: 2641, Time: 00:10:51

HP:   0/33 (35)     AC:  4    Str: 19    XL:     4   Next: 62%
MP:   4/6           EV: 11    Int: 11    God:
Gold: 11            SH:  0    Dex: 14    Spells: 2/3 levels left

rFire   . . .      SeeInvis .   i - +0 whip (elec)
rCold   . . .      Faith    .   (no shield)
rNeg    . . .      Spirit   .   e - +1 leather armour
rPois   .          Reflect  .   (no helmet)
rElec   .          Harm     .   (no cloak)
rCorr   .          Rampage  .   (no gloves)
Will    .....                   (no boots)
Stlth   ++........              (no amulet)
HPRegen 0.11/turn               (no ring)
MPRegen 0.10/turn               (no ring)

@: drained
A: high MP 1, forlorn, divine attributes
a: no special abilities


You were on level 6 of the Dungeon.
You visited 1 branch of the dungeon, and saw 4 of its levels.

You collected 61 gold pieces.
You spent 50 gold pieces at shops.

Inventory:

Hand Weapons
 a - a +2 short sword
 b - a +0 quarterstaff
 i - a +0 whip of electrocution (weapon)
Armour
 e - a +1 leather armour (worn)
Jewellery
 k - an amulet of guardian spirit
 o - a ring of protection from fire
Potions
 f - a potion of lignification
 l - 2 potions of curing
 m - 2 potions of cancellation
 n - a potion of haste {unknown}
 p - a potion of degeneration {unknown}


   Skills:
 + Level 1.5 Fighting
 - Level 3.0 Short Blades
 * Level 2.1(2.8) Maces & Flails
 - Level 2.6(3.1) Staves
 + Level 2.3 Armour
 + Level 0.4 Dodging
 * Level 2.3 Stealth
 + Level 0.1 Summonings
 + Level 1.0 Evocations


You had 2 spell levels left.
You knew the following spells:

 Your Spells              Type           Power      Damage    Failure   Level
a - Summon Small Mammal   Summ           0%         N/A       38%         1

Your spell library contained the following spells:

 Spells                   Type           Power      Damage    Failure   Level
 Apportation              Tloc           0%         N/A       38%         1
 Necrotize                Necr           0%         1d4       38%         1
 Ignite Poison            Fire/Tmut/Pois 0%         N/A       77%         3
 Mephitic Cloud           Conj/Pois/Air  0%         N/A       77%         3
 Freezing Cloud           Conj/Ice/Air   0%         6-21      100%        5


Dungeon Overview and Level Annotations

Branches:
Dungeon (3/15)

Shops:
D:2 *   D:6 (


Innate Abilities, Weirdness & Mutations

You have an increased reservoir of magic. (+10% MP)
You shall have no god before yourself.
Your divine heritage dramatically boosts your attributes as you level up.


Message History

You hit the wight.
You destroy the wight!
Your life force feels restored.
Your Maces & Flails skill increases to level 2!
Your Stealth skill increases to level 2!
You swap places.
The wight attacks as you move away!
The wight hits you with a +2 morningstar!
* * * LOW HITPOINT WARNING * * *
You feel drained.
* * * LOW HITPOINT WARNING * * *
Your bat closely misses the wight.
Your bat hits the wight but does no damage.
The wight barely misses your bat.
Your bat barely misses the wight.
The wight hits your bat with a +2 morningstar!
Your bat dies!
Your bat's corpse disappears in a puff of smoke!
Your magical contamination has completely faded away.
A wight is nearby!
A wight is nearby!
Sorry, you're not good enough to have a special ability.
Casting: Summon Small Mammal (safe; 38% risk of failure)
Press: ? - help, Q - select action Dir - look around, f - activate
Found 12 gold pieces.
You swap places.
Your bat barely misses the wight.
The wight hits your bat with a +2 morningstar.
A necrophage comes into view.
Your bat hits the wight but does no damage.
The wight closely misses your bat.
Your bat hits the wight but does no damage.
Your bat hits the wight but does no damage.
Your bat closely misses the wight.
Your bat barely misses the wight.
Your bat closely misses the wight.
The wight misses your bat.
Your bat closely misses the wight.
An orc comes into view. It is wielding a +2 mace of draining.
The wight barely misses your bat.
Your bat hits the wight but does no damage.
The necrophage hits you.
You die...

### ##... ..... ##...##
#......## ........#
#....$..##########
#.#...n....bzz...#
#....@########.#
o.......# #.# #......##
#z# ##...## #z# #.....
####.###.# .......
##........#
........####zz.#.###.###
........)...............
......##.#..###'######


You could see a necrophage, 2 wights, an orc (wandering) and a friendly bat
(summoned).

Vanquished Creatures
  A wight (D:6)
  An iguana (D:3)
  2 adders
  A worm (D:2)
  2 dart slugs (D:1)
  2 ball pythons
  2 bats (D:2)
  2 endoplasms
  A giant cockroach (D:1)
  A hobgoblin (D:3)
  3 quokkas
  8 goblins
  2 kobolds
  4 rats
32 creatures vanquished.

Notes
Turn   | Place    | Note
-------+----------+-------------------------------------------
     0 | D:1      | purpskrrrp the Demigod Wanderer began the quest for the
                  | Orb.
     0 | D:1      | purpskrrrp set off with the following items: a +2 short
                  | sword, a +0 quarterstaff, a wand of flame (4), a potion of
                  | heal wounds, a +0 leather armour.
     0 | D:1      | Reached XP level 1. HP: 16/16 MP: 3/3
   238 | D:1      | Reached skill level 3 in Short Blades
   279 | D:1      | Reached XP level 2. HP: 23/23 MP: 4/4
   341 | D:1      | Reached skill level 1 in Stealth
  1264 | D:2      | Identified the +3 ring mail "Exycw" {SInv}
  1360 | D:2      | Reached XP level 3. HP: 21/28 MP: 5/5
  2025 | D:2      | Found Isatuusk's Assorted Antiques.
  2033 | D:2      | Bought a scroll labelled GARATUOJOF for 25 gold pieces
  2033 | D:2      | Bought a scroll labelled XACLUE JI OKK for 25 gold pieces
  2244 | D:3      | Reached skill level 1 in Maces & Flails
  2277 | D:3      | Reached XP level 4. HP: 4/35 MP: 6/6
  2559 | D:3      | Learned a level 1 spell: Summon Small Mammal
  2575 | D:3      | You fall into a shaft and drop 3 floors!
  2585 | D:6      | Found Reishe's Antique Weapon Shop.
  2619 | D:6      | HP: 1/33 [wight/+2 morningstar (1)]
  2636 | D:6      | Noticed a necrophage
  2641 | D:6      | Slain by a necrophage

Illustrated notes

Levels and vault maps discovered:
D:1:      ncdulo_watergridlock, layout_basic
D:2:      layout_loops_ring, chequers_ecumenical_altar_twisty, serial_shops,
          shop
D:3:      layout_rooms, mainiacjoe_overflow_boulevard,
          mainiacjoe_overflow_six_doors_small
D:6:      layout_loops_corners, chequers_temple_overflow_statue_of_worship,
          serial_shops, kennysheep_little_box

Skill      XL: |  1  2  3  4 |
---------------+-------------+-----
Short Blades   | 3 |  3.0
Stealth        | 1 2 |  2.3
Armour         | 2 |  2.3
Maces & Flails | 1 2 |  2.1
Fighting       | |  1.5
Staves         | |  2.6
Dodging        | |  0.4
Summonings     | |  0.1
Evocations     | |  1.0

Action                   |  1- 3 |  4- 6 || total
-------------------------+-------+-------++-------
Melee: Short sword       |    17 |       ||    17
       Whip              |    79 |     6 ||    85
       Punch             |     1 |     1 ||     2
 Cast: Summon Small Mamm |       |     4 ||     4
Evoke: Wand              |     4 |       ||     4
  Use: Scroll            |     7 |       ||     7
       Potion            |     1 |       ||     1
 Stab: Sleeping          |     3 |       ||     3
Armor: Leather armour    |    30 |       ||    30
Dodge: Dodged            |    59 |     2 ||    61

Table legend: (Time is in decaauts)
 A = Elapsed time spent in this place.
 B = Non-inter-level travel time spent in this place.
 C = Inter-level travel time spent in this place.
 D = Time resting spent in this place.
 E = Time spent auto-exploring this place.
 F = Levels seen in this place.
 G = Mean time per level.
                   A        B        C        D        E       F      G
               +--------+--------+--------+--------+--------+-----+--------+
         Total |   2639 |   2492 |    147 |    423 |   1807 |   4 |  659.8 |
       Dungeon |   2639 |   2492 |    147 |    423 |   1807 |   4 |  659.8 |
               +--------+--------+--------+--------+--------+-----+--------+

Top non-repeatable levels by time:
     D:2: 1157 daAuts
     D:1: 1068 daAuts
     D:3: 347 daAuts
     D:6: 65 daAuts
